Map: Flooded City

Players

ilikecookies

  • Race: Terran Terran
  • League: Silver
  • Spawn Location: 12:00

Legion

  • Race: Protoss Protoss
  • League: Diamond
  • Spawn Location: 12:00

JaySlays - Winner!

  • Race: Protoss Protoss
  • Spawn Location: 6:00

Wolf - Winner!

  • Race: Zerg Zerg
  • League: Diamond
  • Spawn Location: 6:00

VOD

Have the link to the VOD?

Description

Time

  • Played on: April 22, 2018, 1:23 a.m.
  • Length: 16:15
Show
View Real Time Build Order
Export as new Build Order

ilikecookies Terran 

Build Orders: MMM Bio 

Get SALT Encoding   

  12  0:02  SCV  
  13  0:14  SCV  
  14  0:19  Supply Depot  
  14  0:26  SCV  
  15  0:41  SCV  
  15  0:42  Barracks  
  16  0:53  SCV  
  17  1:05  SCV  
  18  1:17  SCV  
  19  1:19  Refinery  
  19  1:30  Command Center  
  19  1:37  Refinery  
  19  1:43  Orbital Command  
  19  1:52  Marine  
  20  2:08  Bunker  
  20  2:09  Marine  
  21  2:23  SCV  
  22  2:33  Barracks Tech Lab  
  22  2:38  Factory, SCV  
  23  2:49  Supply Depot  
  23  2:50  SCV  
  24  3:02  SCV  
  24  3:05  Orbital Command  
  25  3:14  SCV  
  25  3:18  Marine  
  27  3:26  SCV  
  28  3:27  Barracks  
  28  3:31  Starport  
  28  3:36  Marine  
  28  3:38  SCV, Combat Shields  
  30  3:43  SCV  
  31  3:51  SCV  
  31  3:53  Marine  
  31  3:55  SCV  
  34  4:03  SCV  
  34  4:04  Barracks  
  34  4:09  Medivac  
  37  4:11  Marine  
  37  4:14  Barracks Reactor  
  37  4:15  SCV  
  39  4:20  SCV  
  40  4:27  SCV, Engineering Bay  
  40  4:28  Factory Tech Lab  
  40  4:29  Marine  
  42  4:32  SCV  
  42  4:35  Barracks  
  42  4:37  Armory  
  43  4:39  SCV  
  43  4:44  SCV  
  45  4:47  Marine  
  45  4:52  Starport Reactor  
  46  5:00  Barracks Reactor  
  46  5:10  Missile Turret  
  46  5:11  Missile Turret  
  46  5:12  Missile Turret  
  46  5:13  Missile Turret  
  46  5:16  Missile Turret x2  
  46  5:18  Missile Turret  
  46  5:20  Missile Turret  
  46  5:25  Barracks Reactor  
  46  5:30  Stimpack  
  46  5:38  Marine x3, SCV x2  
  46  5:40  Supply Depot  
  51  5:43  Supply Depot  
  51  5:50  SCV  
  51  5:53  Marine x2  
  54  5:59  Refinery  
  54  6:01  Marine x3  
  54  6:02  SCV, Refinery  
  58  6:05  Thor  
  58  6:10  Marine x2  
  58  6:11  Marine  
  66  6:13  Medivac  
  66  6:14  SCV  
  70  6:26  Supply Depot  
  70  6:27  Supply Depot  
  70  6:47  Marine x3, Medivac, SCV  
  70  6:48  Thor  
  82  6:59  SCV  
  83  7:05  Marine x3  
  86  7:11  Marine x3  
  86  7:15  Marine, Medivac  
  81  7:22  Orbital Command  
  68  7:54  SCV  
  67  7:59  Marine x5  
  67  8:00  Marine x2  
  67  8:02  Medivac x2  
  67  8:04  Thor  
  84  8:06  SCV  
  85  8:17  Marine  
  86  8:38  Marine x5, Medivac  
  86  8:39  SCV  
  94  8:46  Command Center  
  94  8:47  Missile Turret  
  94  8:50  Missile Turret  
  94  8:51  Missile Turret  
  94  8:57  Marine x3, Medivac, SCV  
  94  9:01  Supply Depot  
  94  9:02  Terran Infantry Weapons Level 1  
  100  9:04  Supply Depot x2  
  100  9:06  Terran Vehicle Weapons Level 1  
  100  9:09  Missile Turret, SCV  
  101  9:12  Missile Turret  
  101  9:22  SCV  
  102  9:33  Marine x3  
  102  9:34  Marine x2, SCV  
  108  9:44  Widow Mine  
  110  9:46  SCV  
  111  9:58  SCV  
  112  10:01  Marine x3  
  112  10:02  Marine x2  
  112  10:03  Marine x2  
  112  10:06  Widow Mine  
  121  10:08  Orbital Command  
  121  10:10  SCV  
  121  10:13  Missile Turret  
  120  10:22  SCV  
  120  10:27  Widow Mine  
  123  10:31  Marine x6  
  123  10:32  Marine  
  123  10:33  Missile Turret  
  123  10:34  SCV  
  124  10:48  Marine  
  117  10:53  SCV  
  117  10:54  Missile Turret  
  118  10:59  Marine x5  
  123  11:05  SCV  
  124  11:13  Missile Turret  
  124  11:17  SCV  
  125  11:19  Liberator  
  125  11:23  Thor  
  125  11:24  Marine x4  
  125  11:25  Marine x2  
  136  11:29  SCV  
  138  11:33  Missile Turret  
  138  11:39  Terran Vehicle And Ship Armor Level 1  
  141  11:41  Terran Infantry Armor Level 1  
  141  11:53  Missile Turret  
  141  11:55  Liberator  
  141  12:12  Missile Turret, SCV  
  141  12:13  Thor  
  125  12:21  Marine x4  
  125  12:22  Marine x3  
  104  12:24  SCV  
  81  12:33  Missile Turret  
  71  12:39  Marine x5  
  71  12:40  Marine x2  
  78  12:44  Medivac  
  80  12:54  Barracks, SCV  
  80  12:55  Medivac  
  80  12:56  Thor  
  80  12:57  Marine x6, Barracks  
  80  12:58  Marine  
  96  12:59  SCV  
  97  13:06  SCV  
  97  13:11  SCV  
  99  13:14  Marine  
  99  13:15  Marine  
  99  13:18  SCV  
  99  13:30  SCV  
  99  13:33  Terran Vehicle Weapons Level 2  
  97  13:35  Terran Infantry Weapons Level 2  
  97  13:43  SCV  
  97  13:48  Marine x5  
  99  13:49  Marine x2  
  99  13:52  Barracks Reactor x2  
  99  13:55  SCV  
  106  14:02  Widow Mine  
  108  14:06  Marine x6  
  108  14:07  Marine  
  115  14:14  SCV  
  116  14:21  Medivac x2  
  116  14:23  Marine, Widow Mine  
  116  14:24  Marine x5  
  123  14:26  SCV  
  129  14:34  Marine x3  
  129  14:35  Marine x2  
  129  14:38  SCV  
  135  14:41  Marine  
  135  14:42  Marine x4  
  135  14:44  Marine  
  141  15:17  Marine  
  141  15:19  SCV  
  141  15:20  Marine  
  141  15:23  Marine x3  
  141  15:24  Marine  
  141  15:25  Medivac  
  141  15:27  Medivac  
  141  15:28  Widow Mine  
  102  15:48  Marine x2  
  102  15:49  Marine x4  
  79  15:50  Widow Mine  
Show
View Real Time Build Order
Export as new Build Order

Legion Protoss 

Build Orders: Oracle Opening 

Get SALT Encoding   

  12  0:01  Probe  
  13  0:13  Probe  
  14  0:23  Pylon  
  14  0:25  Probe  
  15  0:42  Gateway  
  15  0:52  Probe  
  15  0:53  Assimilator  
  16  1:04  Probe  
  17  1:16  Probe  
  18  1:19  Assimilator  
  18  1:28  Probe  
  18  1:29  Cybernetics Core  
  18  1:30  Pylon  
  19  1:40  Probe  
  20  1:52  Probe  
  21  2:00  Warp Gate  
  21  2:04  Probe  
  22  2:13  Stargate  
  22  2:16  Probe  
  22  2:17  Stalker  
  25  2:32  Probe  
  26  2:44  Probe  
  26  2:47  Stalker  
  26  2:50  Pylon  
  29  2:57  Oracle  
  32  3:22  Probe, Nexus  
  32  3:23  Pylon  
  33  3:27  Oracle  
  36  3:43  Gateway  
  36  3:45  Probe  
  37  4:01  Phoenix  
  36  4:19  Phoenix  
  36  4:25  Pylon  
  36  4:27  Probe  
  39  4:39  Probe  
  40  5:02  Phoenix  
  40  5:03  Adept  
  44  5:09  Probe x2  
  46  5:14  Robotics Facility  
  46  5:16  Pylon  
  46  5:20  Stalker  
  48  5:21  Probe x2  
  48  5:24  Phoenix  
  52  5:33  Probe x2  
  54  5:38  Forge  
  54  5:42  Phoenix  
  54  5:45  Probe  
  57  5:54  Assimilator  
  57  5:56  Assimilator  
  57  6:05  Immortal, Stalker  
  57  6:08  Stalker  
  65  6:20  Pylon  
  65  6:26  Phoenix  
  65  6:32  Probe  
  65  6:33  Probe  
  65  6:38  Shield Battery  
  66  6:40  Photon Cannon  
  66  6:45  Probe  
  66  6:46  Probe  
  68  6:47  Photon Cannon  
  68  6:57  Probe  
  68  6:58  Probe  
  62  7:09  Probe  
  62  7:12  Phoenix  
  62  7:31  Phoenix  
  62  7:33  Probe  
  65  7:45  Probe  
  62  7:56  Phoenix  
  62  8:10  Stalker x2  
  62  8:17  Probe x2, Protoss Air Weapons Level 1  
  62  8:19  Phoenix  
  66  8:31  Fleet Beacon  
  66  8:36  Phoenix  
  66  8:41  Probe  
  66  8:42  Nexus  
  47  9:20  Phoenix  
  47  9:23  Probe x2  
  45  9:35  Probe x2  
  43  9:43  Stalker x2  
  43  9:45  Probe, Phoenix  
  43  9:52  Probe  
  47  9:54  Probe  
  45  10:02  Probe  
  45  10:04  Probe  
  47  10:13  Probe  
  48  10:16  Probe  
  37  10:26  Probe  
  33  10:34  Probe  
  32  10:37  Pylon  
  33  10:43  Probe  
  33  10:45  Probe x2  
  36  10:56  Probe  
  37  10:57  Probe x2  
  39  11:09  Probe x3  
  39  11:10  Protoss Ground Weapons Level 1  
  42  11:21  Probe x2  
  42  11:22  Probe  
  45  11:27  Twilight Council  
  45  11:28  Stalker x2  
  49  11:33  Probe  
  49  11:38  Photon Cannon  
  50  11:55  Probe x2  
  50  11:57  Probe  
  53  12:01  Assimilator  
  53  12:04  Pylon  
  53  12:06  Templar Archives, Assimilator  
  53  12:09  Pylon, Probe  
  53  12:10  Gateway  
  53  12:11  Gateway  
  48  12:30  Phoenix  
  48  12:34  Stalker x2  
  51  12:44  Probe  
  51  12:50  Photon Cannon  
  51  12:53  Phoenix  
  51  12:54  Photon Cannon x2  
  51  12:55  Photon Cannon  
  51  12:56  Probe  
  51  12:58  Photon Cannon  
  54  13:08  Probe  
  54  13:11  High Templar x2  
  59  13:19  Photon Cannon  
  59  13:21  Pylon, Archon  
  59  13:25  Stalker x2  
  41  13:38  Phoenix  
  32  13:47  Probe x2  
  32  13:48  Probe  
  32  13:54  High Templar  
  32  13:55  High Templar  
  37  13:56  Probe x2  
  37  13:57  Probe  
  40  14:04  Probe x2  
  40  14:05  Probe  
  43  14:12  Archon  
  43  14:13  Probe  
  43  14:14  Probe  
  43  14:15  Probe  
  45  14:21  High Templar x2  
  50  14:25  Probe  
  50  14:26  Probe, Psionic Storm  
  50  14:28  Probe  
  53  14:37  Probe  
  53  14:38  Probe  
  55  14:58  High Templar x2  
  57  15:01  Archon  
  51  15:30  Archon  
  51  15:38  Stalker x4  
  47  15:55  Probe  
Show
View Real Time Build Order
Export as new Build Order

JaySlays Protoss - Winner!

Build Orders:  

Get SALT Encoding   

  12  0:00  Probe  
  13  0:13  Probe  
  14  0:19  Pylon  
  14  0:24  Probe  
  15  0:33  Probe  
  15  0:40  Gateway  
  15  0:42  Probe  
  17  0:50  Assimilator  
  17  0:53  Probe  
  18  1:05  Probe  
  19  1:17  Probe  
  20  1:28  Probe  
  20  1:30  Assimilator  
  21  1:36  Probe, Cybernetics Core  
  21  1:44  Probe  
  22  1:47  Pylon  
  22  1:51  Cybernetics Core  
  22  1:52  Warp Gate  
  23  2:05  Probe  
  24  2:17  Probe  
  25  2:25  Twilight Council  
  25  2:29  Probe  
  26  2:33  Gateway  
  26  2:41  Probe  
  26  2:42  Zealot  
  29  2:49  Gateway  
  29  3:02  Gateway, Charge  
  29  3:21  Zealot  
  29  3:25  Pylon  
  33  3:54  Gateway  
  33  3:55  Nexus  
  31  3:58  Pylon  
  31  4:07  Shield Battery  
  31  4:16  Zealot x2  
  35  4:27  Probe  
  36  4:32  Forge  
  36  4:34  Zealot  
  38  4:39  Probe  
  39  4:51  Zealot x2  
  43  4:53  Pylon  
  41  5:02  Probe  
  41  5:04  Probe  
  43  5:11  Probe  
  43  5:12  Probe  
  43  5:13  Protoss Ground Weapons Level 1  
  43  5:18  Zealot  
  43  5:19  Probe  
  43  5:21  Probe  
  49  5:30  Probe  
  49  5:33  Probe  
  51  5:37  Shield Battery  
  51  5:42  Probe  
  52  5:45  Probe  
  52  5:47  Zealot x2  
  57  5:54  Probe  
  58  5:57  Probe  
  59  6:06  Probe  
  59  6:08  Gateway  
  59  6:09  Zealot  
  59  6:10  Zealot  
  64  6:14  Probe  
  64  6:17  Assimilator  
  65  6:18  Probe  
  65  6:21  Assimilator  
  66  6:27  Probe  
  67  6:34  Zealot  
  67  6:37  Pylon  
  69  6:40  Pylon  
  69  6:45  Probe  
  70  6:58  Pylon  
  62  7:17  Zealot x4  
  62  7:18  Zealot  
  70  7:23  Robotics Facility  
  54  8:00  Zealot x5  
  64  8:08  Protoss Ground Weapons Level 2  
  64  8:12  Zealot  
  66  8:13  Gateway  
  66  8:14  Gateway  
  66  8:16  Gateway  
  66  8:24  Zealot x4  
  66  8:25  Zealot  
  76  8:38  Templar Archives  
  76  8:41  Warp Prism  
  76  8:44  Probe  
  76  8:47  Zealot x3  
  85  8:49  Zealot  
  87  8:59  Photon Cannon  
  87  9:08  Zealot x3  
  93  9:13  Pylon  
  93  9:22  Psionic Storm  
  93  9:31  Pylon  
  93  9:35  Pylon  
  93  9:44  Adept  
  93  9:45  Adept x3  
  101  10:04  High Templar x3  
  101  10:05  High Templar x4  
  115  10:09  Archon x3  
  115  10:13  High Templar  
  111  10:21  Archon  
  109  10:31  Zealot  
  107  10:53  Zealot x5  
  117  11:03  Probe  
  118  11:09  Protoss Ground Weapons Level 3  
  118  11:16  Pylon  
  118  11:18  Pylon  
  118  11:30  Pylon  
  118  11:32  Pylon  
  118  11:34  Probe  
  118  11:38  Forge  
  119  11:45  Zealot  
  119  11:46  Zealot x4  
  119  11:47  Zealot x2  
  131  11:50  Nexus  
  133  11:56  High Templar x2  
  133  11:57  Pylon  
  133  11:58  Pylon  
  133  12:00  Pylon  
  69  12:27  Zealot x2  
  69  12:28  Zealot x5  
  69  12:29  Zealot x2  
  69  12:47  Pylon  
  69  12:49  High Templar x5  
  69  12:50  High Templar x3  
  85  12:53  Archon x2  
  85  12:54  Archon  
  85  12:55  Archon  
  85  12:58  Archon  
  85  13:17  Zealot  
  79  13:33  High Templar x3  
  75  13:37  Immortal, Zealot  
  75  13:38  Zealot x5  
  87  13:43  Assimilator  
  87  13:45  Assimilator  
  87  13:46  Protoss Shields Level 1  
  91  14:03  Protoss Ground Armor Level 1  
  91  14:18  Zealot x5  
  91  14:19  Zealot x4  
  109  14:25  Immortal  
  108  14:53  Stalker x4  
  78  16:00  Zealot x3  
  78  16:01  Zealot x6  
Show
View Real Time Build Order
Export as new Build Order

Wolf Zerg - Winner!

Build Orders: Hatch First 

Get SALT Encoding   

  12  0:01  Drone  
  13  0:14  Overlord  
  13  0:18  Drone  
  14  0:32  Drone  
  14  0:33  Drone  
  16  0:39  Drone  
  17  0:56  Drone  
  18  0:58  Hatchery  
  18  1:01  Drone  
  18  1:13  Extractor  
  18  1:16  Spawning Pool  
  16  1:23  Drone x2  
  18  1:32  Drone  
  19  1:43  Drone  
  20  1:51  Overlord  
  20  2:05  Queen  
  22  2:10  Queen  
  22  2:13  Zergling x2  
  22  2:14  Zergling x2  
  26  2:17  Drone  
  27  2:22  Extractor  
  27  2:23  Drone  
  27  2:24  Metabolic Boost  
  27  2:30  Drone  
  27  2:35  Drone x2  
  30  2:48  Drone  
  30  2:49  Drone  
  32  2:58  Lair  
  32  3:02  Drone  
  32  3:03  Drone  
  34  3:07  Extractor  
  34  3:09  Extractor  
  34  3:10  Drone, Overlord  
  33  3:13  Drone x2  
  33  3:15  Drone  
  36  3:30  Drone x5  
  36  3:33  Drone  
  42  3:41  Drone x2  
  44  3:58  Spire, Overlord  
  44  3:59  Drone  
  38  4:13  Drone x4  
  38  4:14  Drone  
  42  4:26  Spore Crawler  
  42  4:27  Spore Crawler  
  40  4:31  Drone  
  40  4:32  Drone  
  40  4:33  Drone  
  40  4:34  Drone  
  42  4:47  Drone  
  42  4:48  Drone x3  
  43  4:54  Overlord  
  43  5:04  Drone  
  44  5:08  Overlord x2  
  44  5:28  Mutalisk  
  44  5:29  Mutalisk x4  
  44  5:34  Mutalisk  
  44  5:35  Mutalisk  
  58  5:40  Mutalisk  
  58  5:42  Mutalisk  
  62  5:48  Mutalisk  
  64  5:50  Mutalisk  
  64  5:56  Drone  
  67  5:57  Drone  
  67  6:02  Overlord  
  67  6:03  Overlord  
  68  6:20  Drone x2  
  68  6:21  Drone x2  
  68  6:22  Mutalisk  
  68  6:23  Mutalisk x2  
  78  6:39  Mutalisk x2  
  78  6:40  Mutalisk  
  78  6:46  Overlord x3  
  78  7:20  Mutalisk  
  78  7:21  Mutalisk x8  
  92  7:29  Zerg Flyer Weapons Level 1  
  92  7:36  Mutalisk x2  
  92  7:37  Mutalisk x6  
  97  8:17  Zergling x2  
  97  8:18  Zergling x16  
  104  8:30  Drone x2  
  104  8:31  Drone x2  
  108  8:48  Baneling Nest  
  107  8:51  Infestation Pit  
  106  8:59  Overlord x6  
  100  9:44  Drone x4  
  100  9:45  Drone x6  
  106  10:36  Hatchery  
  106  10:39  Overlord x6  
  106  10:42  Hatchery  
  104  10:46  Hive, Hatchery  
  103  10:52  Hydralisk Den  
  103  11:38  Zergling x6  
  103  11:39  Zergling x12  
  112  11:58  Queen  
  112  11:59  Queen x4  
  83  12:35  Mutalisk x3  
  83  12:36  Mutalisk x22  
  131  12:40  Drone x3  
  136  12:51  Adrenal Glands  
  136  12:52  Centrifical Hooks  
  136  13:07  Extractor  
  136  13:08  Extractor  
  136  13:09  Extractor, Drone  
  136  13:10  Drone x15, Extractor  
  142  13:47  Zergling x4  
  142  13:48  Zergling x44  
  166  14:09  Viper  
  169  14:10  Viper x7  
  190  14:21  Evolution Chamber  
  190  14:23  Evolution Chamber, Zergling x20  
  190  14:24  Evolution Chamber x2  
  196  14:35  Evolution Chamber  
  196  14:38  Evolution Chamber  
  194  14:50  Zergling x2  
  194  14:51  Zergling x10  
Tags
 
Add a new tag
Caveats
  • Supply blocks, unpowered buildings, or Contaminate may cause inaccurate times.
  • Supply counts are checked every 10 seconds.